 Dungeon Crawl Stone Soup version 0.32-a0-38-gb04dd89b9b (webtiles) character file.

Game seed: 12257542386200001213

58125 seren the Warrior (level 14, -17/161 HPs)
             Began as an Oni Berserker on Jan 23, 2024.
             Was an Elder of Trog.
             Demolished by Donald
             ... wielding a +0 eveningstar
              (38 damage)
             ... on level 1 of the Orcish Mines.
             The game lasted 01:08:11 (19753 turns).

seren the Warrior (Oni Berserker)                  Turns: 19753, Time: 01:08:11

Health: -17/161    AC: 23    Str: 30    XL:     14   Next: 89%
Magic:  14/14      EV:  7    Int:  8    God:    Trog [****..]
Gold:   1210       SH:  0    Dex: 10    Spells: 13/13 levels left

rFire   + + .        a - +1 war axe (freeze)
rCold   + + .        (no shield)
rNeg    + . .        p - +5 gold dragon scales of the New World {-Tele Rampage Fly rPois rF+ rC+}
rPois   +            (helmet restricted)
rElec   .            u - scarf {rC+ rF+}
rCorr   +            (gloves unavailable)
SInv    .            (boots unavailable)
Will    +++..        i - amulet "Edwupag" {rN+ Regen+ Str+4} Stlth
                     w - ring of resist corrosion
HPRegen 2.26/turn    t - ring of poison resistance
MPRegen 0.14/turn

%: no teleportation, rampage
@: strong-willed, flying, regenerating, invisible
A: large, unfitting armour, horns 1, tough skin 1, double potion healing,
drunken brawling
a: Renounce Religion, Berserk, Trog's Hand, Brothers in Arms


You were on level 1 of the Orcish Mines.
You worshipped Trog.
Trog was greatly pleased with you.
You visited 4 branches of the dungeon, and saw 18 of its levels.
You also visited: Sewer and Bailey.

You collected 1570 gold pieces.
You spent 360 gold pieces at shops.

Inventory:

Hand Weapons
 a - a +1 war axe of freezing (weapon)
 b - a +2 hand axe of flaming
 n - a +0 broad axe
Missiles
 s - 17 boomerangs (quivered)
 G - 4 curare-tipped darts
 P - 10 silver javelins
Armour
 p - the +5 gold dragon scales of the New World (worn) {-Tele Rampage Fly rPois rF+ rC+}
   (You acquired it on level 2 of the Lair of Beasts)

   rF+:       It protects you from fire.
   rC+:       It protects you from cold.
   rPois:     It protects you from poison Fly: It grants you flight.
   -Tele:     It prevents most forms of teleportation.
   Rampage:   It bestows one free step when moving towards enemies.
 u - a scarf of resistance (worn)
 v - a +1 robe of resistance
 B - +0 steam dragon scales
Jewellery
 f - a ring of magical power
 i - the amulet "Edwupag" (around neck) {rN+ Regen+ Str+4}
   (You acquired it in a bailey)

   [amulet of regeneration]

   Str+4:     It affects your strength (+4).
   rN+:       It protects you from negative energy.
   Regen+:    It increases your rate of health regeneration.
 t - a ring of poison resistance (right hand)
 w - a ring of resist corrosion (left hand)
 K - the amulet of Amelioration {Spirit Str+3 Int+4}
   (You found it on level 5 of the Lair of Beasts)

   [amulet of guardian spirit]

   Spirit:    It causes incoming damage to be divided between your reserves of
   health and magic.
   Str+3:     It affects your strength (+3).
   Int+4:     It affects your intelligence (+4).
 L - an amulet of reflection
Wands
 z - a wand of iceblast (12)
 F - a wand of paralysis (3)
 I - a wand of flame (52)
 M - a wand of acid (2)
Scrolls
 c - 3 scrolls of enchant weapon
 d - 3 scrolls of silence
 h - 3 scrolls of butterflies
 j - 5 scrolls of noise
 l - 6 scrolls of fear
 m - 2 scrolls of brand weapon
 o - 2 scrolls of blinking {unknown}
 r - 4 scrolls of teleportation {!r}
 x - a scroll of enchant armour {unknown}
 y - a scroll of vulnerability {unknown}
 J - 3 scrolls of amnesia {unknown}
 N - 4 scrolls of revelation
 S - a scroll of fog {unknown}
 T - 3 scrolls of poison
Potions
 e - 4 potions of enlightenment
 g - 4 potions of mutation {!q}
 k - 2 potions of heal wounds
 q - 2 potions of berserk rage
 A - 3 potions of lignification
 C - 6 potions of curing
 D - a potion of invisibility
 E - 3 potions of cancellation
 H - 2 potions of ambrosia
 O - a potion of resistance {unknown}
 R - a potion of brilliance {unknown}


   Skills:
 + Level 15.9 Fighting
 * Level 14.9 Axes
 * Level 10.8 Armour
 - Level 11.0 Dodging
 - Level 6.0 Evocations


You had 13 spell levels left.
You didn't know any spells.
Your spell library was empty.

Dungeon Overview and Level Annotations

Branches:
Dungeon (10/15)            Temple (1/1) D:5            Lair (5/5) D:10
  Swamp (0/4) Lair:3       Spider (0/4) Lair:2        Slime (0/5) Lair:5
    Orc (2/2) D:10          Sewer (visited)          Bailey (visited)
    Elf: Orc:2

Altars:
Ashenzari
Cheibriados
Dithmenos
Elyvilon
Fedhas
Gozag
Hepliaklqana
Kikubaaqudgha
Makhleb
Nemelex Xobeh
Okawaru
Qazlal
Ru
Sif Muna
Trog
Uskayaw
Vehumet
Wu Jian
Xom
Yredelemnul
Zin
The Shining One
Jiyva

Shops:
D:3 [(   D:5 :   D:9 ?   Orc:2 (

Annotations:
D:7 3 runed translucent doors, Nebesus's ghost, novice DrSh
D:8 digging to get teleport scroll
Lair:5 1 runed translucent door, exclusion: obsidian statue, Aqauw's ghost, journeyman DrFi
Orc:1 Donald


Innate Abilities, Weirdness & Mutations

You are too large for most types of armour.
You have a pair of small horns on your head.
You have tough skin. (AC +1)
You gain doubled healing and magic from potions.
Whenever you drink a healing potion, you attack all around you.


Message History

Donald hits you with a +0 eveningstar!
The orc priest hits you but does no damage.
You hit the kobold blastminer but do no damage.
Your headbutt misses the kobold blastminer.
The kobold blastminer is heavily wounded.
You slash Donald! You freeze Donald! You slash the orc priest!
You freeze the orc priest.
The kobold blastminer hits you but does no damage.
Donald hits you but does no damage.
You slash Donald! You freeze Donald.
Donald is severely wounded.
You slash the orc priest! You freeze the orc priest.
You kill the orc priest!
Trog accepts your kill.
You miss the kobold blastminer.
The kobold blastminer hits you but does no damage.
Donald casts a spell.
Donald seems to grow stronger.
Donald blocks your attack.
Your headbutt misses Donald.
Donald is severely wounded.
You hit the kobold blastminer. You freeze the kobold blastminer.
Donald says, "You troglodyte!"
Donald hits you with a +0 eveningstar!!!
The kobold blastminer hits you but does no damage.
Donald blocks your attack. x2
Donald is severely wounded.
You completely miss the kobold blastminer.
Donald hits you with a +0 eveningstar!!!
* * * LOW HITPOINT WARNING * * *
Okay, then.
You fade into invisibility!
Donald hits you with a +0 eveningstar!!!
* * * LOW HITPOINT WARNING * * *
The kobold blastminer blasts its cannon at you.
The iron shot hits you!
* * * LOW HITPOINT WARNING * * *
The kobold blastminer is knocked back by the blast.
Donald hits you with a +0 eveningstar!!!
You die...
Donald says, "Well, maybe you weren't so bad after all."

##...........#......#
#...............#..### ###
##..............#.....##
##.####..............##......#
#....#.#............##......## #
##.........#...............## ##
##.##.........K............## #.
#....#........)[[)..........#####
#.....#........<@@...........##.#
...#..........)[[................
#.###...........[.......#.....#..
##.#.........[...................
#.............#..................
..............#...#.........#.#..
.............................###.
...#.....##..##......#......## ##
....#.....#####.............#


You could see Donald (fast, strong, unable to see you, reflecting) and a kobold
blastminer (unable to see you).

Vanquished Creatures
  Kirke (Lair:4)
  2 dire elephants (Lair:5)
  Snorg (D:10)
  Josephine (Lair:4)
  3 hydras
  A catoblepas (Lair:4)
  Erica (D:10)
  A ghost crab (Lair:3)
  2 boulder beetles (Lair:5)
  7 death yaks
  Urug (Lair:4)
  A spectral death yak (Lair:5)
  2 skysharks
  A spectral anaconda (Lair:5)
  3 necromancers (Lair:5)
  4 orc knights
  22 elephants
  A dire elephant zombie (Lair:5)
  A kobold blastminer (Orc:2)
  A black mamba (Lair:1)
  8 cane toads
  6 rime drakes
  A kobold demonologist (D:10)
  Jeremiah (D:7)
  5 komodo dragons
  A polar bear (Lair:3)
  2 trolls
  2 hornets
  A spectral lindwurm (Lair:3)
  17 blink frogs
  A spectral black mamba (Lair:3)
  A culicivora (Lair:2)
  Sigmund (D:2)
  A shadow (D:7)
  5 wraiths (Lair:4)
  5 wyverns
  Eustachio (D:5)
  A hog (Lair:4)
  53 yaks
  Grum (D:10)
  5 basilisks
  2 steam dragons
  A death yak simulacrum (Lair:5)
  2 spectral cane toads (Lair:5)
  Duvessa (D:5)
  An acid dragon (D:9)
  5 water moccasins
  A swamp drake (D:10)
  A sky beast (D:7)
  2 black bears
  19 orc warriors
  2 elephant zombies (Lair:5)
  6 ogres
  9 wolves
  2 centaurs
  4 phantoms
  5 kobold brigands
  9 bullfrogs
  2 gnoll sergeants
  12 wights
  Dowan (D:5)
  An elephant simulacrum (Lair:5)
  3 killer bees (D:9)
  A howler monkey (D:2)
  3 electric eels
  3 hounds
  12 jellies
  A bombardier beetle (D:5)
  A gnoll bouda (D:4)
  8 orc priests
  22 orc wizards
  A sleepcap (D:5)
  5 iguanas
  9 adders
  16 gnolls
  2 shadow imps
  A white imp (D:6)
  4 dart slugs
  5 ribbon worms
  69 orcs
  3 bats
  11 endoplasms
  3 giant cockroaches
  12 goblins
  12 hobgoblins
  4 jackals (D:4)
  3 quokkas
  8 ball pythons
  3 frilled lizards
  41 kobolds
  9 rats
539 creatures vanquished.

Vanquished Creatures (collateral kills)
  A dire elephant (Lair:5)
  An orc knight (Bailey)
  A hornet (D:9)
  A culicivora (Lair:2)
  A gnoll (Bailey)
  2 orcs (Bailey)
  A goblin (Bailey)
8 creatures vanquished.

Vanquished Creatures (others)
  A necromancer (Lair:5)
1 creature vanquished.

Grand Total: 548 creatures vanquished

Notes
Turn   | Place    | Note
-------+----------+-------------------------------------------
     0 | D:1      | seren the Oni Berserker began the quest for the Orb.
     0 | D:1      | Reached XP level 1. HP: 24/24 MP: 1/1
    89 | D:1      | Reached XP level 2. HP: 29/32 MP: 2/2
   842 | D:2      | Reached ** piety under Trog
   843 | D:2      | Noticed a howler monkey
   857 | D:2      | Killed a howler monkey
   858 | D:2      | Reached skill level 5 in Fighting
   858 | D:2      | Reached XP level 3. HP: 42/42 MP: 3/3
   858 | D:2      | Reached XP level 4. HP: 50/50 MP: 4/4
   980 | D:2      | Noticed Sigmund
   991 | D:2      | Killed Sigmund
   992 | D:2      | Reached XP level 5. HP: 59/59 MP: 5/5
  1058 | D:2      | Reached XP level 6. HP: 67/67 MP: 6/6
  1166 | D:2      | Reached skill level 6 in Fighting
  2171 | D:3      | Found Giwn's Armour Shoppe.
  2226 | D:3      | Found Rifoth's Weapon Shoppe.
  2284 | D:3      | Reached skill level 5 in Axes
  2284 | D:3      | Reached XP level 7. HP: 54/76 MP: 7/7
  2745 | D:4      | Reached *** piety under Trog
  2944 | D:4      | Reached skill level 7 in Fighting
  3232 | D:4      | Reached skill level 5 in Dodging
  3655 | D:5      | Entered Level 5 of the Dungeon
  3657 | D:5      | Noticed Duvessa
  3657 | D:5      | Noticed Dowan
  4122 | D:5      | Noticed Eustachio
  4225 | D:5      | Reached XP level 8. HP: 80/88 MP: 8/8
  4413 | D:6      | Reached skill level 8 in Fighting
  4649 | D:6      | Reached skill level 1 in Evocations
  4852 | D:6      | Found a glowing drain.
  4861 | Sewer    | Entered a sewer
  4990 | Sewer    | Reached **** piety under Trog
  5434 | D:6      | Found an opulent altar of Gozag.
  5436 | D:6      | Found a shimmering blue altar of Sif Muna.
  5642 | D:7      | Noticed Jeremiah
  5660 | D:6      | Reached skill level 9 in Fighting
  5713 | D:7      | Noticed a hornet
  5721 | D:7      | Paralysed by a hornet for 1 turns
  5722 | D:7      | Killed a hornet
  5723 | D:7      | Reached XP level 9. HP: 69/98 MP: 9/9
  6054 | D:7      | Found a runed translucent gate.
  6054 | D:7      | Found a runed translucent gate.
  6054 | D:7      | Found an opulent altar of Gozag.
  6054 | D:7      | Found a runed translucent gate.
  6054 | D:7      | Noticed Nebesus's ghost (novice DrSh)
  6054 | D:7      | Noticed a cyclops
  6055 | D:7      | Noticed a manticore
  6059 | D:7      | a blink frog changed into an entropy weaver
  6059 | D:7      | Noticed an entropy weaver (shapeshifter)
  6060 | D:7      | Reached skill level 1 in Armour
  6064 | D:7      | a basilisk changed into an entropy weaver
  6064 | D:7      | Noticed an entropy weaver (shapeshifter)
  6080 | D:7      | an entropy weaver changed into a golden eye
  6278 | D:7      | Noticed a wind drake
  6542 | D:8      | Found a viscous altar of Jiyva.
  6585 | D:8      | Reached ***** piety under Trog
  6621 | D:8      | Found a shadowy altar of Dithmenos.
  6623 | D:8      | Noticed a boulder beetle
  6750 | D:8      | Found a flagged portal.
  6765 | Bailey   | Entered a bailey
  6868 | Bailey   | Reached skill level 10 in Fighting
  6884 | Bailey   | Noticed an orc knight
  6893 | Bailey   | Killed an orc knight
  6917 | Bailey   | Noticed an orc knight
  6929 | Bailey   | Killed an orc knight
  6930 | Bailey   | Reached XP level 10. HP: 111/111 MP: 10/10
  6953 | Bailey   | Noticed an orc knight
  6973 | Bailey   | Killed an orc knight
  7359 | Bailey   | Acquired the amulet "Edwupag" {rN+ Regen+ Str+4}
  7426 | Bailey   | Found an iron altar of Okawaru.
  7426 | Bailey   | Noticed an orc high priest
  7426 | Bailey   | Noticed an orc high priest
  7445 | Bailey   | Noticed a sixfirhy
  7967 | D:9      | Reached skill level 11 in Fighting
  8537 | D:5      | Found Ypiygycy's Book Boutique.
  8632 | D:5      | Found a staircase to the Ecumenical Temple.
  8640 | Temple   | Entered the Ecumenical Temple
  8721 | D:5      | Killed Eustachio
  8807 | D:5      | Killed Duvessa
  8808 | D:5      | Reached skill level 5 in Evocations
  8810 | D:5      | Killed Dowan
  9166 | D:7      | Killed Jeremiah
  9253 | D:7      | Reached XP level 11. HP: 120/120 MP: 11/11
  9735 | D:8      | Found a glowing silver altar of Zin.
 10173 | D:9      | Reached skill level 5 in Armour
 10198 | D:9      | Paralysed by a hornet for 1 turns
 10280 | D:9      | Found Fomuh's Magic Scroll Boutique.
 10286 | D:9      | Bought a scroll of enchant weapon for 90 gold pieces
 10376 | D:9      | Paralysed by an orc for 5 turns
 10472 | D:9      | Found a sacrificial altar of Ru.
 10614 | D:10     | Entered Level 10 of the Dungeon
 10648 | D:10     | Found a staircase to the Lair.
 10670 | D:10     | Reached skill level 12 in Fighting
 10812 | D:10     | Noticed Snorg
 10829 | D:10     | Killed Snorg
 11257 | D:10     | Found an ancient bone altar of Kikubaaqudgha.
 11288 | D:10     | Found a burning altar of Makhleb.
 11328 | D:10     | Noticed Erica
 11344 | D:10     | Killed Erica
 11392 | D:10     | Found an ornate altar of the Wu Jian Council.
 11492 | D:10     | Found a staircase to the Orcish Mines.
 11507 | D:10     | Reached skill level 10 in Axes
 11661 | D:10     | Noticed Grum
 11827 | D:10     | Killed Grum
 11945 | Orc:1    | Entered Level 1 of the Orcish Mines
 12300 | D:9      | Bought 3 scrolls of revelation for 270 gold pieces
 12649 | Orc:2    | Entered Level 2 of the Orcish Mines
 12649 | Orc:2    | Found Hiysetyq's Antique Weapon Boutique.
 12774 | Lair:1   | Entered Level 1 of the Lair of Beasts
 12911 | Lair:1   | Reached XP level 12. HP: 120/133 MP: 12/12
 12998 | Lair:1   | Reached skill level 13 in Fighting
 14083 | Lair:2   | Received a gift from Trog
 14950 | Lair:2   | Found a hole to the Spider Nest.
 15263 | Lair:3   | Reached skill level 14 in Fighting
 15263 | Lair:3   | Reached skill level 10 in Dodging
 15263 | Lair:3   | Reached XP level 13. HP: 142/146 MP: 13/13
 15588 | Lair:3   | Found a staircase to the Swamp.
 16140 | Lair:2   | Acquired the +5 gold dragon scales of the New World {-Tele
                  | Rampage Fly rPois rF+ rC+}
 16659 | Lair:4   | Noticed Urug
 16673 | Lair:4   | Killed Urug
 16872 | Lair:4   | Noticed Josephine
 16883 | Lair:4   | Killed Josephine
 16958 | Lair:4   | Noticed Kirke
 16982 | Lair:4   | Killed Kirke
 17271 | Lair:5   | Entered Level 5 of the Lair of Beasts
 17438 | Lair:5   | Reached XP level 14. HP: 147/157 MP: 14/14
 17452 | Lair:5   | Reached skill level 15 in Fighting
 18025 | Lair:5   | Found an ornate altar of the Wu Jian Council.
 18025 | Lair:5   | Found a hide-covered altar of Uskayaw.
 18106 | Lair:5   | Found a staircase to the Slime Pits.
 18106 | Lair:5   | Found a viscous altar of Jiyva.
 18408 | Lair:5   | Found a runed translucent door.
 18410 | Lair:5   | Found a shimmering altar of Xom.
 18410 | Lair:5   | Noticed Aqauw's ghost (journeyman DrFi)
 18445 | Lair:5   | Reached skill level 10 in Armour
 18622 | Lair:5   | Noticed a dire elephant
 18622 | Lair:5   | Noticed a dire elephant
 18622 | Lair:5   | Noticed a dire elephant
 19053 | Lair:5   | Killed a dire elephant
 19066 | Lair:5   | Killed a dire elephant
 19066 | Lair:5   | Killed a dire elephant
 19168 | Lair:5   | Identified the amulet of Amelioration {Spirit Str+3 Int+4}
 19604 | Orc:2    | Noticed Donald
 19753 | Orc:1    | Demolished by Donald

Illustrated notes

Levels and vault maps discovered:
D:1:      eino_arrival_tree_alley, layout_loops_ring
D:2:      layout_basic, uniq_sigmund
D:3:      minmay_door_path, layout_basic, serial_shops,
          nicolae_shop_pleasant_corner_grove, nicolae_shop_tiny_glass,
          minmay_misc_feat_square, minivault_4
D:4:      layout_cave_pods
D:5:      layout_cave_pods, minmay_temple_entry_enclosed_plants, serial_shops,
          shop, uniq_duvessa, uniq_eustachio
D:6:      cheibrodos_thug_alley, layout_basic,
          chequers_temple_overflow_statue_of_worship,
          cheibrodos_sewer_entry_bend
D:7:      wander_river, layout_layer_cave, ebering_ghost_gozag,
          minmay_misc_feat_diagonals, kennysheep_generic_room_13, uniq_jeremiah
D:8:      layout_basic, mainiacjoe_overflow_paths, zin_scriptorium,
          enter_bailey_3, jiyva_altar_1
D:9:      layout_basic, nicolae_overflow_crystal_walls, serial_shops, shop
D:10:     layout_cave_pools, mainiacjoe_overflow_two_lobes,
          nicolae_wu_jian_wuxing_cycle, dpeg_oklobed_lair, erik_orc_1,
          feat_on_display, uniq_grum, uniq_erica, uniq_snorg
Temple:   compressed_dpeg_circular_temple
Lair:1:   layout_misc_corridors, portal_ice_cave_rime, grunt_megastairs_1
Lair:2:   layout_loops_ring, hellmonk_spider_entry_life_and_decay,
          serial_bayou_lake_a
Lair:3:   layout_cave_pods, nicolae_swamp_entry_spooky, serial_rivers,
          chequers_serial_rivers_large_a, chequers_serial_rivers_micro_c,
          chequers_serial_rivers_marsh, chequers_serial_rivers_room_a,
          chequers_serial_rivers_room_a
Lair:4:   layout_long_grid, beast_lair_carwin_2, uniq_urug, uniq_kirke,
          uniq_josephine
Lair:5:   due_jungle_book, layout_small_grid, nicolae_slime_entry_slimehenge,
          ebering_ghost_xom, nzn_masters_of_martial_movement
Orc:1:    layout_caves, serial_shops, shop
Orc:2:    grunt_orc_gardens, layout_diamond_mine, grunt_orc_garden,
          grunt_orc_garden, grunt_orc_garden, grunt_orc_garden, serial_shops,
          shop, shop, nicolae_square_shop, nicolae_shop_real_fake_doors, shop,
          mines2_david, uniq_donald

Skill      XL: |  1  2  3  4  5  6  7  8  9 10 11 12 13 14 |
---------------+-------------------------------------------+-----
Dodging        | 3 4 5 6 7 8 9 10 11 | 11.0
Fighting       | 5 6 7 9 10 11 12 14 15 | 15.9
Axes           | 4 5 7 8 10 12 13 14 | 14.9
Evocations     | 2 4 5 6 |  6.0
Armour         | 3 4 6 7 9 10 | 10.8

Action                     |  1- 3 |  4- 6 |  7- 9 | 10-12 | 13-15 || total
---------------------------+-------+-------+-------+-------+-------++-------
  Melee: Hand axe          |    53 |    97 |   379 |   698 |    97 ||  1324
         Headbutt          |     6 |    12 |    68 |   179 |   200 ||   465
         Punch             |       |       |     2 |     9 |    11 ||    22
         War axe           |       |       |       |   126 |   560 ||   686
  Throw: Boomerang         |       |       |       |    15 |       ||    15
 Invoke: Berserk           |     1 |     1 |     4 |    12 |     5 ||    23
         Trog's Hand       |       |     1 |     5 |    13 |     8 ||    27
         Brothers in Arms  |       |       |     1 |     2 |     1 ||     4
  Evoke: Wand              |       |       |       |     9 |     6 ||    15
    Use: Scroll            |       |       |     9 |    13 |     3 ||    25
         Potion            |       |       |       |     5 |     1 ||     6
   Stab: Sleeping          |       |       |     1 |       |       ||     1
         Paralysed         |       |       |       |     6 |     3 ||     9
         Distracted        |       |       |       |       |     1 ||     1
 Armour: Animal skin       |    26 |    66 |   211 |   105 |       ||   408
         Steam dragon scal |       |       |       |   541 |    52 ||   593
         Gold dragon scale |       |       |       |       |   645 ||   645
  Dodge: Dodged            |    29 |    34 |   155 |   502 |   179 ||   899
  Block: Other             |       |       |    16 |     4 |       ||    20

Table legend: (Time is in decaauts)
 A = Elapsed time spent in this place.
 B = Non-inter-level travel time spent in this place.
 C = Inter-level travel time spent in this place.
 D = Time resting spent in this place.
 E = Time spent auto-exploring this place.
 F = Levels seen in this place.
 G = Mean time per level.
                   A        B        C        D        E       F      G
               +--------+--------+--------+--------+--------+-----+--------+
         Total |  19760 |  18327 |   1433 |   2818 |   8783 |  20 |  988.0 |
       Dungeon |  11619 |  10615 |   1004 |   1652 |   5311 |  10 | 1161.9 |
        Temple |      1 |      1 |      0 |      0 |      0 |   1 |    1.0 |
          Lair |   6516 |   6123 |    393 |    716 |   3159 |   5 | 1303.2 |
  Orcish Mines |    566 |    530 |     36 |    181 |    180 |   2 |  283.0 |
         Sewer |    332 |    332 |      0 |      0 |    132 |   1 |  332.0 |
        Bailey |    724 |    724 |      0 |    268 |      0 |   1 |  724.0 |
               +--------+--------+--------+--------+--------+-----+--------+

Top non-repeatable levels by time:
  Lair:5: 1903 daAuts
    D:10: 1474 daAuts
     D:4: 1444 daAuts
     D:7: 1386 daAuts
     D:9: 1386 daAuts
  Lair:3: 1346 daAuts
  Lair:2: 1328 daAuts
     D:3: 1281 daAuts
     D:6: 1131 daAuts
     D:5: 1080 daAuts
  Lair:4: 1017 daAuts
  Lair:1: 919 daAuts
     D:8: 871 daAuts
     D:1: 791 daAuts
     D:2: 772 daAuts
